AoeStats
← Armes Würstchen

Arena

510273727Analyzed
1v1 RM · 1d ago on Sep 30, 2026· 29m 7s· 2 players
Game mode
Random Map
Map size
Tiny (2 player)
Population
200
Speed
Normal
Resources
Standard
Victory
Conquest
Starting age
Dark Age
Ending age
Imperial Age
RankedLock teamsTeams togetherTeam positionsShared explorationLock speedFull tech treeHidden civsTurbo modeCheats
Victory
Defeat
🇩🇪 Bulgarians · Germany
1006
+13
🇨🇳 Koreans · China
943
-13
弼马温
9:40 Feudal Age
11:09 Double-Bit Axe
12:56 Horse Collar
14:14 Loom
14:25 Town Watch
15:16 Wheelbarrow
15:35 Gold Mining
16:41 Man-at-Arms
17:07 Arson
17:52 Scale Mail Armor
18:03 Forging
25:01 Castle Age
25:33 Pikeman
26:14 Squires
25:34 Long Swordsman
28:37 Bow Saw
Armes Würstchen
11:02 Feudal Age
14:42 Castle Age
12:44 Double-Bit Axe
13:03 Horse Collar
15:40 Bow Saw
22:25 Wheelbarrow
21:39 Loom
21:40 Town Watch
22:46 Heavy Plow
25:34 Stone Mining
25:35 Gold Mining
26:01 Hand Cart
25:47 Town Patrol
27:59 Stone Shaft Mining
28:03 Gold Shaft Mining
Connection lost

Rejoining the realm…

Still unreachable

The connection could not be restored.

Session expired

The server has moved on; the page needs a fresh start.